 Dungeon Sprint DCSS version 0.31.0-9-g3a7656b989 (webtiles) character file.

Game seed: 16276133279951087462

6200000 Ashen the Wishgranter (level 27, -24/228 HPs)
             Began as a Djinni Warper on Jan 24, 2024.
             Was the Champion of Makhleb.
             Annihilated by a destroyer
             ... wielding a +9 heavy great sword
              (100 damage)
             ... in the Dungeon (Sprint VIII: "Arena of Blood").
             The game lasted 00:07:34 (62 turns).

Ashen the Wishgranter (Djinni Warper)                 Turns: 62, Time: 00:07:39

Health: -24/228    AC:  6    Str: 10    XL:     27
Gold:   0          EV: 35    Int: 18    God:    Makhleb [******] SH:  0 Dex: 24

rFire   + + .        i - +∞ Axe of Woe
rCold   x . .        (shield currently unavailable)
rNeg    . . .        b - +0 leather armour
rPois   ∞            (no helmet)
rElec   .            (no cloak)
rCorr   .            (no gloves)
SInv    .            (boots unavailable)
Will    ++...        (no amulet)
Stlth   ++++++++++   (no ring)
HPRegen 0.58/turn    (no ring)
MPRegen 0.00/turn

%: no teleportation, infuse magic (-25 HP)
@: flying
A: sickness immunity, fire resistance 2, cold vulnerability 1, float, innate
caster, HP casting, extra vitality 1
a: Renounce Religion, Minor Destruction, Lesser Servant of Makhleb, Major
Destruction, Greater Servant of Makhleb


You were in the Dungeon.
You worshipped Makhleb.
Makhleb was exalted by your worship.
You visited 1 branch

Inventory:

Hand Weapons
 a - a +0 hand axe
 i - the +∞ Axe of Woe (weapon)
   (You found it in the Dungeon)
Missiles
 d - 7 darts of dispersal (quivered)
Armour
 b - a +0 leather armour (worn)
Scrolls
 c - 2 scrolls of blinking
Potions
 e - a potion of curing
 f - a potion of heal wounds
 g - a potion of haste
 h - a potion of berserk rage


   Skills:
 O Level 27 Fighting
 O Level 27 Short Blades
 O Level 27 Long Blades
 O Level 27 Axes
 O Level 27 Maces & Flails
 O Level 27 Polearms
 O Level 27 Staves
 O Level 27 Ranged Weapons
 O Level 27 Throwing
 O Level 27 Armour
 O Level 27 Dodging
 O Level 27 Stealth
 O Level 27 Shields
 O Level 27 Unarmed Combat
 O Level 27 Spellcasting
 O Level 27 Conjurations
 O Level 27 Hexes
 O Level 27 Summonings
 O Level 27 Necromancy
 O Level 27 Translocations
 O Level 27 Fire Magic
 O Level 27 Ice Magic
 O Level 27 Air Magic
 O Level 27 Earth Magic
 O Level 27 Alchemy
 O Level 27 Invocations
 O Level 27 Evocations
 O Level 27 Shapeshifting


You knew the following spells:

 Your Spells              Type           Power      Damage    Failure   Level
a - Blink                 Tloc           100%       N/A       0%          2
b - Lesser Beckoning      Tloc           100%       N/A       0%          2
c - Teleport Other        Tloc           88%        N/A       0%          3
d - Manifold Assault      Tloc           88%        N/A       0%          4
e - Vhi's Electric Charg  Tloc/Air       100%       N/A       0%          4
f - Freeze                Ice            100%       1d10      0%          1
g - Call Imp              Summ           100%       N/A       0%          2
h - Mercury Vapours       Alch/Air       100%       N/A       0%          2
i - Inner Flame           Hex/Fire       88%        N/A       0%          3
j - Summon Blazeheart Go  Fire/Summ      88%        N/A       0%          4
k - Irradiate             Conj/Alch      44%        3d26      0%          5
l - Conjure Ball Lightni  Conj/Air       44%        3x3d15    0%          6
m - Dispersal             Tloc           44%        N/A       0%          6
n - Ozocubu's Refrigerat  Ice            44%        4d17      1%          7
o - Summon Horrible Thin  Summ           44%        N/A       1%          8
p - Disjunction           Tloc           44%        N/A       1%          8
q - Fire Storm            Conj/Fire      44%        8d11      2%          9
r - Chain Lightning       Conj/Air       44%        3d58      2%          9
Your spell library was empty.

Dungeon Overview and Level Annotations

Branches:
Dungeon (1/1)

Altars:
Makhleb

Annotations:
D The Servant


Innate Abilities, Weirdness & Mutations

You are immune to sickness and miasma.
You are immune to poison.
Your flesh is very heat resistant. (rF++)
You are vulnerable to cold. (rC-)
You float through the air rather than walking.
You learn spells naturally, not from books.
Your magical power is your life essence.
You have superior vitality. (+4 MHP)


Message History

The tyrant waves its bony arms in wide circles.
The air twists around and strikes you!!!
The accursed casts a spell at you. Something smites you!
The destroyer completely misses you. The destroyer bites you.
A bag of meat comes into view. It is wielding a +9 war axe.
You have mastered Maces & Flails!
You have mastered Ranged Weapons!
You have mastered Shapeshifting!
You cannot train any new skills!
Casting: Manifold Assault (safe; 0% risk of failure)
Confirm with . or Enter, or press ? or * to list all spells.
Space momentarily warps into an impossible shape!
The meat beast's many legs skitter faintly.
The bag of meat shouts!
The meat beast gurgles horribly!
You slice the meat berserker!!
You hew the meat berserker violently.
You kill the meat berserker!
Makhleb accepts your kill.
You feel better.
You slice the meat beast!! You chop the meat beast into pieces.
You kill the meat beast!
Makhleb accepts your kill.
You feel better.
You slice the meat berserker!!
You fatally mangle the meat berserker.
You kill the meat berserker!
Makhleb accepts your kill.
You feel better.
You slice the meat beast!!
You pulverise the meat beast into a thin bloody mist.
You kill the meat beast!
Makhleb accepts your kill.
You feel better.
The meat berserker appears out of thin air!
A meat berserker comes into view. It is wielding a +9 battleaxe.
The eight-headed meat hydra calls on the powers of darkness!
The eight-headed meat hydra convulses!
The meat berserker convulses!
The bag of meat convulses! x2; The meat berserker convulses!
The bag of meat convulses!
Your body is wracked with pain!
The tyrant waves its bony arms in wide circles.
The air twists around and strikes you!!!
The destroyer hits you with a +9 heavy great sword!!!!
You die...

)....#.)°)°).# .O....
.....#.).).o)#......o
......)).))...... ...
....M..)))o.....O ...
.o...o...O.....#
............D.##..
....#...§L...#....
....L....VV..#...
..##.#.z@.o....§
L................
###....#.....####
.........).....
.................
##.......=.......
################


You could see an accursed, 2 tyrants, an eight-headed meat hydra, 2 destroyers,
a sculptor of flesh, 2 meat berserkers and 5 bags of meat.

Vanquished Creatures
  2 hell beasts (D)
  2 royal mummies (D)
  13 vampire knights (D)
  19 ogres (D)
  4 two-headed ogres (D)
  2 liches (D)
  64 orcs (D)
  3 skeletal warriors (D)
109 creatures vanquished.

Vanquished Creatures (others)
  6 fire vortices (D)
6 creatures vanquished.

Grand Total: 115 creatures vanquished

Notes
Turn   | Place    | Note
-------+----------+-------------------------------------------
     0 | D        | Found the +∞ Axe of Woe
     0 | D        | Ashen the Djinni Warper began the quest for the Orb.
     0 | D        | Ashen set off with the following spells memorised: Blink,
                  | Lesser Beckoning, Teleport Other, Manifold Assault, Vhi's
                  | Electric Charge.
     0 | D        | Reached XP level 1. HP: 18/18 MP: 0/0
     2 | D        | Noticed a bag of meat
     2 | D        | Killed a bag of meat
     2 | D        | Noticed a bag of meat
     2 | D        | Noticed a bag of meat
     2 | D        | Noticed a bag of meat
     3 | D        | Reached skill level 15 in Dodging
     3 | D        | Reached XP level 2. HP: 42/42 MP: 0/0
     3 | D        | Reached XP level 3. HP: 48/48 MP: 0/0
     3 | D        | Learned a level 1 spell: Freeze
     3 | D        | Reached XP level 4. HP: 54/54 MP: 0/0
     3 | D        | Reached XP level 5. HP: 59/59 MP: 0/0
     3 | D        | Learned a level 2 spell: Call Imp
     3 | D        | Reached XP level 6. HP: 66/66 MP: 0/0
     3 | D        | Reached XP level 7. HP: 71/71 MP: 0/0
     3 | D        | Learned a level 2 spell: Mercury Vapours
     3 | D        | Reached XP level 8. HP: 77/77 MP: 0/0
     3 | D        | Reached XP level 9. HP: 83/83 MP: 0/0
     3 | D        | Learned a level 3 spell: Inner Flame
     3 | D        | Reached XP level 10. HP: 89/89 MP: 0/0
     3 | D        | Reached XP level 11. HP: 94/94 MP: 0/0
     3 | D        | Learned a level 4 spell: Summon Blazeheart Golem
     3 | D        | Noticed a bag of meat
     4 | D        | Noticed a bag of meat
     6 | D        | Noticed a bag of meat
     7 | D        | Killed a bag of meat
     7 | D        | Noticed a meat berserker
     8 | D        | Reached XP level 12. HP: 101/101 MP: 0/0
     8 | D        | Killed a bag of meat
     8 | D        | Killed a bag of meat
     8 | D        | Killed a bag of meat
     9 | D        | Reached XP level 13. HP: 103/106 MP: 0/0
     9 | D        | Learned a level 5 spell: Irradiate
     9 | D        | Reached XP level 14. HP: 109/112 MP: 0/0
     9 | D        | Killed a bag of meat
     9 | D        | Killed a meat berserker
     9 | D        | Noticed a bag of meat
    10 | D        | Reached XP level 15. HP: 111/118 MP: 0/0
    10 | D        | Learned a level 6 spell: Conjure Ball Lightning
    11 | D        | Noticed a meat berserker
    11 | D        | Noticed a meat berserker
    12 | D        | Killed a meat berserker
    12 | D        | Killed a meat berserker
    13 | D        | Reached skill level 27 in Spellcasting
    13 | D        | Reached skill level 27 in Conjurations
    13 | D        | Reached skill level 27 in Hexes
    13 | D        | Reached skill level 27 in Summonings
    13 | D        | Reached skill level 27 in Necromancy
    13 | D        | Reached skill level 27 in Translocations
    13 | D        | Reached skill level 27 in Fire Magic
    13 | D        | Reached skill level 27 in Ice Magic
    13 | D        | Reached skill level 27 in Air Magic
    13 | D        | Reached skill level 27 in Earth Magic
    13 | D        | Reached skill level 27 in Alchemy
    13 | D        | Reached skill level 5 in Armour
    13 | D        | Reached XP level 16. HP: 122/134 MP: 0/0
    14 | D        | Reached XP level 17. HP: 130/147 MP: 0/0
    14 | D        | Learned a level 6 spell: Dispersal
    14 | D        | Noticed a meat berserker
    17 | D        | Reached XP level 18. HP: 134/159 MP: 0/0
    17 | D        | Noticed a meat berserker
    18 | D        | Reached skill level 27 in Dodging
    18 | D        | Killed a meat berserker
    18 | D        | Killed a meat berserker
    19 | D        | Reached skill level 27 in Fighting
    19 | D        | Reached skill level 27 in Axes
    19 | D        | Reached skill level 10 in Armour
    19 | D        | Reached XP level 19. HP: 139/174 MP: 0/0
    19 | D        | Learned a level 7 spell: Ozocubu's Refrigeration
    20 | D        | Became a worshipper of Makhleb the Destroyer
    21 | D        | Reached * piety under Makhleb
    21 | D        | Noticed a meat berserker
    22 | D        | Killed a meat berserker
    22 | D        | Reached ** piety under Makhleb
    23 | D        | Reached XP level 20. HP: 175/181 MP: 0/0
    23 | D        | Noticed a meat berserker
    24 | D        | Killed a meat berserker
    25 | D        | Reached skill level 27 in Armour
    25 | D        | Noticed a destroyer
    26 | D        | Killed a destroyer
    26 | D        | Reached *** piety under Makhleb
    27 | D        | Reached **** piety under Makhleb
    27 | D        | Noticed a destroyer
    28 | D        | Reached XP level 21. HP: 187/187 MP: 0/0
    28 | D        | Learned a level 8 spell: Summon Horrible Things
    29 | D        | Killed a destroyer
    29 | D        | Noticed a large bag of meat
    30 | D        | Reached skill level 27 in Throwing
    30 | D        | Noticed a large bag of meat
    30 | D        | Noticed a large bag of meat
    31 | D        | Noticed a meat berserker
    31 | D        | Killed a meat berserker
    31 | D        | Reached ***** piety under Makhleb
    31 | D        | Killed a large bag of meat
    32 | D        | Reached skill level 27 in Invocations
    32 | D        | Reached skill level 5 in Polearms
    32 | D        | Reached XP level 22. HP: 194/194 MP: 0/0
    32 | D        | Noticed a meat berserker
    32 | D        | Noticed a meat berserker
    32 | D        | Noticed a destroyer
    32 | D        | Noticed a meat berserker
    33 | D        | Noticed a meat berserker
    34 | D        | Noticed a destroyer
    34 | D        | Reached ****** piety under Makhleb
    35 | D        | Killed a meat berserker
    35 | D        | Noticed a destroyer
    36 | D        | Reached XP level 23. HP: 201/201 MP: 0/0
    36 | D        | Learned a level 8 spell: Disjunction
    36 | D        | Killed a destroyer
    36 | D        | Noticed a destroyer
    37 | D        | Reached skill level 27 in Polearms
    37 | D        | Reached skill level 5 in Shields
    37 | D        | Reached skill level 5 in Unarmed Combat
    37 | D        | Reached skill level 5 in Evocations
    37 | D        | Killed a destroyer
    37 | D        | Noticed a large bag of meat
    38 | D        | Reached skill level 10 in Shields
    38 | D        | Reached skill level 10 in Unarmed Combat
    38 | D        | Reached skill level 10 in Evocations
    38 | D        | Reached XP level 24. HP: 208/208 MP: 0/0
    38 | D        | Noticed a destroyer
    38 | D        | Killed a destroyer
    38 | D        | Killed a destroyer
    39 | D        | Killed a destroyer
    39 | D        | Noticed a large bag of meat
    40 | D        | Reached skill level 15 in Shields
    40 | D        | Reached skill level 15 in Unarmed Combat
    40 | D        | Reached skill level 15 in Evocations
    40 | D        | Reached XP level 25. HP: 214/214 MP: 0/0
    40 | D        | Learned a level 9 spell: Fire Storm
    40 | D        | Killed a large bag of meat
    40 | D        | Killed a large bag of meat
    40 | D        | Noticed a destroyer
    41 | D        | Reached skill level 15 in Short Blades
    41 | D        | Reached skill level 15 in Long Blades
    41 | D        | Reached skill level 15 in Staves
    41 | D        | Reached skill level 15 in Stealth
    42 | D        | Killed a destroyer
    43 | D        | Reached skill level 27 in Stealth
    43 | D        | Reached XP level 26. HP: 221/221 MP: 0/0
    43 | D        | Noticed a destroyer
    44 | D        | Reached skill level 15 in Maces & Flails
    44 | D        | Reached skill level 15 in Ranged Weapons
    44 | D        | Reached skill level 15 in Shapeshifting
    44 | D        | Noticed a tyrant
    45 | D        | Killed a large bag of meat
    45 | D        | Killed a destroyer
    45 | D        | Noticed a destroyer
    47 | D        | Reached XP level 27. HP: 228/228 MP: 0/0
    47 | D        | Learned a level 9 spell: Chain Lightning
    48 | D        | Noticed a destroyer
    49 | D        | Noticed a destroyer
    49 | D        | Noticed a tyrant
    50 | D        | Noticed a tyrant
    50 | D        | Noticed a large bag of meat
    50 | D        | Killed a destroyer
    51 | D        | Noticed a destroyer
    52 | D        | Killed a tyrant
    53 | D        | Noticed a large bag of meat
    54 | D        | Killed a destroyer
    54 | D        | Noticed The Servant
    55 | D        | Noticed a tyrant
    55 | D        | Noticed an accursed
    56 | D        | Noticed an accursed
    56 | D        | Noticed a destroyer
    56 | D        | Noticed an accursed
    57 | D        | Noticed a tyrant
    57 | D        | Killed a destroyer
    58 | D        | Noticed a tyrant
    58 | D        | Killed an accursed
    59 | D        | Reached skill level 27 in Shields
    59 | D        | Reached skill level 27 in Unarmed Combat
    59 | D        | Reached skill level 27 in Evocations
    59 | D        | Killed an accursed
    59 | D        | Noticed a destroyer
    60 | D        | Reached skill level 27 in Short Blades
    60 | D        | Reached skill level 27 in Long Blades
    60 | D        | Reached skill level 27 in Staves
    61 | D        | Killed a destroyer
    61 | D        | Killed a tyrant
    62 | D        | Reached skill level 27 in Maces & Flails
    62 | D        | Reached skill level 27 in Ranged Weapons
    62 | D        | Reached skill level 27 in Shapeshifting
    62 | D        | Noticed a meat beast
    62 | D        | Noticed a meat beast
    62 | D        | Killed a meat beast
    62 | D        | Killed a meat beast
    62 | D        | Annihilated by a destroyer

Illustrated notes

Levels and vault maps discovered:
D:        meatsprint

Skill      XL: |  1  2  3  4  5  6  7  8  9 10 11 12 13 14 15 16 17 18 19 20 21 22 23 24 25 26 27 |
---------------+----------------------------------------------------------------------------------+-----
Fighting       | 14 18 21 24 27 | 27.0
Axes           | 13 16 19 21 27 | 27.0
Throwing       | 3 25 27 | 27.0
Armour         | 3 5 6 7 10 26 27 | 27.0
Dodging        | 15 20 23 26 27 | 27.0
Spellcasting   | 12 20 24 27 | 27.0
Conjurations   | 12 20 24 27 | 27.0
Hexes          | 12 20 24 27 | 27.0
Summonings     | 12 20 24 27 | 27.0
Necromancy     | 12 20 24 27 | 27.0
Translocations | 12 20 24 27 | 27.0
Fire Magic     | 12 20 24 27 | 27.0
Ice Magic      | 12 20 24 27 | 27.0
Air Magic      | 12 20 24 27 | 27.0
Earth Magic    | 12 20 24 27 | 27.0
Alchemy        | 12 20 24 27 | 27.0
Invocations    | 27 | 27.0
Polearms       | 5 26 27 | 27.0
Short Blades   | 9 14 15 19 27 | 27.0
Long Blades    | 9 14 15 19 27 | 27.0
Maces & Flails | 8 12 14 18 27 | 27.0
Staves         | 9 14 15 19 27 | 27.0
Ranged Weapons | 8 12 14 18 27 | 27.0
Stealth        | 9 14 27 | 27.0
Shields        | 10 15 17 21 27 | 27.0
Unarmed Combat | 10 15 17 21 27 | 27.0
Evocations     | 10 15 17 21 27 | 27.0
Shapeshifting  | 8 12 14 18 27 | 27.0

Action                     |  1- 3 |  4- 6 |  7- 9 | 10-12 | 13-15 | 16-18 | 19-21 | 22-24 | 25-27 || total
---------------------------+-------+-------+-------+-------+-------+-------+-------+-------+-------++-------
  Melee: Executioner's axe |     1 |       |       |     4 |     6 |    13 |    17 |    19 |    36 ||    96
   Cast: Manifold Assault  |       |       |       |     1 |     2 |     5 |     6 |     5 |     5 ||    24
         Summon Blazeheart |       |       |       |       |       |       |     1 |       |       ||     1
         Vhi's Electric Ch |       |       |       |       |       |       |       |       |     8 ||     8
         Fire Storm        |       |       |       |       |       |       |       |       |     1 ||     1
 Armour: Leather armour    |       |       |       |       |       |       |       |       |     5 ||     5
  Dodge: Dodged            |       |       |       |       |       |       |       |       |     1 ||     1
